AoeStats
← Masolas

Arena

509591525Analyzed
4v4 RM · 6d ago on Sep 27, 2026· 72m 57s· 8 players
Game mode
Random Map
Map size
Large (8 player)
Population
200
Speed
Normal
Resources
Standard
Victory
Conquest
Starting age
Dark Age
Ending age
Imperial Age
RankedLock teamsTeams togetherTeam positionsShared explorationLock speedFull tech treeHidden civsTurbo modeCheats
Victory
Defeat
🇨🇳 Burgundians · China
963
+41
🇮🇳 Khmer · India
932
+16
🇨🇳 Magyars · China
895
+18
🇨🇳 Franks · China
799
+23
🇵🇰 Bengalis · Pakistan
983
-20
🇨🇦 Varangians · Canada
978
-19
🇮🇹 Huns · Italy
959
-19
🇪🇸 Gurjaras · Spain
837
-14
findsarfaraz
12:28 Feudal Age
11:50 Loom
15:26 Castle Age
13:55 Stone Mining
14:32 Gold Mining
20:19 Horse Collar
22:28 Double-Bit Axe
25:28 Heavy Plow
26:47 Gold Shaft Mining
27:28 Bow Saw
28:22 Caravan
28:42 Fletching
28:53 Padded Archer Armor
29:04 Forging
33:42 Imperial Age
31:54 Husbandry
32:05 Bloodlines
31:19 Light Cavalry
35:19 Iron Casting
34:49 Scale Barding Armor
36:22 Conscription
37:30 Double Crossbow
38:29 Leather Archer Armor
38:10 Bodkin Arrow
38:16 Scale Mail Armor
39:22 Pikeman
41:14 Chemistry
40:34 Ballistics
39:39 Heavy Scorpion
40:17 Halberdier
42:12 Ring Archer Armor
41:42 Bracer
41:53 Murder Holes
42:09 Fortified Wall
42:49 Chain Mail Armor
46:57 Capped Ram
51:30 Blast Furnace
52:39 Wheelbarrow
53:33 Siege Ram
57:34 Hand Cart
58:36 Hussar
63:29 Fervor
65:47 Spies/Treason
69:28 Crop Rotation
499557901
6:12 Loom
11:04 Feudal Age
11:29 Double-Bit Axe
16:26 Castle Age
20:20 Horse Collar
20:57 Husbandry
26:20 Scale Barding Armor
26:28 Forging
27:56 Gold Mining
28:02 Stone Mining
29:11 Caravan
31:13 Cavalier
32:51 Light Cavalry
44:29 Scale Mail Armor
45:04 Iron Casting
44:20 Fletching
44:14 Elite Skirmisher
47:38 Fletching
48:30 Bodkin Arrow
50:08 Padded Archer Armor
50:24 Chain Mail Armor
Kevin
0:30 Loom
12:11 Feudal Age
16:21 Castle Age
14:27 Double-Bit Axe
14:38 Horse Collar
23:08 Heavy Plow
24:15 Town Watch
25:12 Wheelbarrow
24:23 Town Watch
25:16 Fletching
25:54 Gold Mining
26:20 Stone Mining
26:55 Bodkin Arrow
27:02 Padded Archer Armor
27:10 Thumb Ring
27:57 Hand Cart
28:24 Bloodlines
28:14 Husbandry
29:07 Gold Shaft Mining
30:20 Bow Saw
31:41 Scale Barding Armor
31:52 Leather Archer Armor
32:31 Corvinian Army
35:09 Imperial Age
32:46 Corvinian Army
33:11 Chain Barding Armor
34:50 Ballistics
34:40 Masonry
36:35 Conscription
36:33 Heavy Cavalry Archer
37:38 Parthian Tactics
36:49 Elite Magyar Huszar
37:32 Bracer
37:38 Town Patrol
38:02 Recurve Bow
40:08 Chemistry
39:14 Siege Engineers
41:16 Plate Barding Armor
41:12 Ring Archer Armor
42:26 Hoardings
41:49 Murder Holes
42:04 Pikeman
43:19 Halberdier
44:07 Cavalier
45:28 Paladin
51:05 Two-Man Saw
50:39 Crop Rotation
51:05 Caravan
story
4:23 Loom
10:31 Feudal Age
14:36 Castle Age
13:15 Double-Bit Axe
18:51 Bow Saw
29:42 Imperial Age
27:48 Wheelbarrow
26:59 Town Watch
28:02 Scale Barding Armor
28:07 Forging
29:42 Hand Cart
29:28 Town Patrol
29:24 Gold Mining
29:25 Stone Mining
30:06 Chain Barding Armor
31:36 Iron Casting
31:37 Plate Barding Armor
31:15 Fortified Wall
32:06 Chemistry
34:10 Blast Furnace
32:34 Cavalier
33:17 Husbandry
35:00 Gold Shaft Mining
34:09 Paladin
36:23 Padded Archer Armor
36:23 Scale Mail Armor
36:14 Fletching
38:22 Conscription
37:29 Elite Skirmisher
38:11 Murder Holes
37:56 Treadmill Crane
38:37 Ballistics
50:55 Masonry
50:51 Siege Engineers
50:10 Light Cavalry
54:47 Leather Archer Armor
Masolas
9:46 Feudal Age
14:50 Castle Age
13:12 Double-Bit Axe
19:55 Bow Saw
19:26 Horse Collar
21:22 Wheelbarrow
21:43 Heavy Plow
23:48 Town Watch
27:34 Gold Mining
27:34 Stone Mining
28:24 Bloodlines
28:14 Husbandry
29:16 Loom
29:46 Hand Cart
29:32 Town Patrol
30:37 Stone Shaft Mining
33:30 Imperial Age
31:15 Scale Barding Armor
31:21 Forging
33:27 Chain Barding Armor
33:42 Iron Casting
33:36 Cavalier
34:55 Plate Barding Armor
36:10 Conscription
35:13 Vendel Legacy
35:15 Elite Jarl
41:39 Blast Furnace
40:30 Fletching
41:17 Elite Skirmisher
44:09 Bodkin Arrow
44:14 Padded Archer Armor
47:35 Bracer
Miccit88
10:52 Feudal Age
11:27 Horse Collar
11:33 Double-Bit Axe
19:24 Castle Age
18:39 Forging
18:35 Scale Barding Armor
18:29 Stone Mining
18:31 Gold Mining
21:04 Bow Saw
21:18 Heavy Plow
22:50 Wheelbarrow
22:38 Scale Barding Armor
28:44 Iron Casting
28:31 Chain Barding Armor
29:06 Gold Shaft Mining
29:19 Fletching
32:38 Imperial Age
31:35 Hand Cart
31:19 Bodkin Arrow
31:24 Padded Archer Armor
31:25 Scale Mail Armor
32:18 Ballistics
32:09 Masonry
32:02 Husbandry
32:13 Pikeman
32:55 Squires
34:15 Conscription
34:04 Marauders
34:14 Town Watch
35:32 Blast Furnace
36:17 Elite Tarkan
44:46 Chemistry
48:29 Chain Mail Armor
Kaparso
10:24 Feudal Age
16:00 Castle Age
14:10 Double-Bit Axe
15:45 Horse Collar
17:30 Bow Saw
18:37 Loom
26:04 Fletching
26:37 Heavy Plow
27:45 Wheelbarrow
26:58 Town Watch
31:33 Imperial Age
29:02 Bodkin Arrow
30:23 Kshatriyas
30:36 Bloodlines
30:32 Husbandry
31:37 Padded Archer Armor
31:42 Scale Barding Armor
31:48 Forging
34:07 Frontier Guards
34:10 Conscription
34:16 Chain Barding Armor
34:35 Iron Casting
33:38 Heavy Camel Rider
35:13 Ballistics
35:53 Chemistry
35:06 Masonry
37:09 Murder Holes
37:28 Masonry
40:33 Elite Skirmisher
42:49 Leather Archer Armor
42:35 Bracer
44:57 Elite Elephant Archer
45:45 Thumb Ring
sehal
10:26 Feudal Age
15:03 Castle Age
13:22 Double-Bit Axe
13:35 Horse Collar
14:51 Loom
15:04 Stone Mining
22:05 Fletching
24:02 Wheelbarrow
23:53 Bow Saw
24:05 Gold Mining
24:32 Heavy Plow
29:01 Imperial Age
27:18 Gold Shaft Mining
27:41 Padded Archer Armor
27:57 Forging
27:52 Scale Barding Armor
28:09 Bodkin Arrow
30:06 Conscription
29:29 Pikeman
30:10 Squires
29:57 Gambesons
29:57 Arson
30:48 Ballistics
31:29 Chemistry
31:16 Bracer
31:39 Elite Ratha (Ranged)
39:40 Halberdier
49:06 Bloodlines
48:57 Husbandry
51:40 Light Cavalry
52:44 Chain Barding Armor
53:00 Iron Casting
52:41 Leather Archer Armor
54:47 Siege Elephant
57:02 Blast Furnace
56:38 Plate Barding Armor
56:34 Ring Archer Armor
Connection lost

Rejoining the realm…

Still unreachable

The connection could not be restored.

Session expired

The server has moved on; the page needs a fresh start.